Map: Newkirk Precinct TE (Void)

Players

Emil

  • Race: Zerg Zerg
  • League: Diamond
  • Spawn Location: 7:00

OptimusPrime - Winner!

  • Race: Terran Terran
  • League: Diamond
  • Spawn Location: 5:00

VOD

Have the link to the VOD?

Description

Time

  • Played on: Nov. 27, 2016, 5:22 p.m.
  • Length: 12:32
Show
View Real Time Build Order
Export as new Build Order

Emil Zerg 

Build Orders: Pool First, Muta Ling Bane 

Get SALT Encoding   

  12  0:01  Drone  
  13  0:19  Overlord  
  13  0:20  Drone  
  14  0:37  Drone  
  14  0:38  Drone  
  16  0:46  Drone  
  17  1:01  Spawning Pool  
  16  1:13  Hatchery  
  15  1:20  Drone x3  
  15  1:22  Extractor  
  17  1:33  Drone  
  18  1:52  Queen  
  20  1:55  Drone x2  
  22  2:10  Overlord  
  22  2:15  Overlord  
  22  2:32  Metabolic Boost  
  22  2:34  Queen  
  24  2:40  Drone x4  
  28  2:50  Overlord  
  28  3:01  Zergling x12  
  34  3:07  Queen  
  36  3:15  Drone x2  
  38  3:23  Drone x2  
  40  3:36  Drone x2  
  40  3:37  Drone x2  
  40  3:39  Overlord  
  43  3:52  Zergling x2  
  43  3:54  Overlord  
  44  3:59  Roach Warren  
  44  4:01  Spine Crawler  
  40  4:17  Zergling x4  
  40  4:18  Zergling x12  
  40  4:20  Lair  
  48  4:24  Extractor  
  48  4:27  Evolution Chamber  
  46  4:33  Drone  
  46  4:34  Drone  
  46  4:38  Spore Crawler  
  47  4:43  Baneling Nest  
  47  4:44  Drone x2  
  48  4:49  Drone  
  48  4:50  Drone x3  
  52  4:56  Zerg Ground Armor Level 1  
  52  5:01  Drone  
  52  5:02  Drone x3  
  56  5:20  Overlord x4  
  56  5:25  Roach x2  
  56  5:27  Overlord  
  60  5:36  Overlord x2  
  60  5:37  Overlord  
  60  5:41  Extractor  
  59  5:43  Drone  
  59  5:45  Extractor  
  59  5:46  Drone  
  60  6:07  Centrifical Hooks  
  60  6:08  Drone  
  60  6:09  Drone x5  
  66  6:16  Hatchery  
  64  6:27  Spore Crawler  
  54  6:37  Drone  
  54  6:38  Drone x4  
  59  6:54  Drone  
  59  6:55  Drone x4  
  64  7:07  Spire  
  63  7:11  Drone  
  63  7:12  Drone x2  
  63  7:13  Drone  
  67  7:22  Zergling x8  
  71  7:32  Zergling x6  
  73  7:40  Zergling x2  
  73  7:41  Zergling x2  
  75  7:45  Baneling x12  
  75  7:46  Baneling  
  75  7:51  Baneling x2  
  68  8:11  Drone x6  
  68  8:12  Drone x2  
  74  8:16  Hatchery  
  69  8:31  Mutalisk  
  69  8:32  Mutalisk x3  
  77  8:42  Mutalisk x2  
  77  8:43  Mutalisk x2  
  85  8:49  Mutalisk  
  85  8:54  Zerg Melee Weapons Level 1  
  87  8:58  Mutalisk  
  89  9:03  Zergling x2  
  90  9:20  Zergling x16  
  90  9:21  Baneling  
  90  9:22  Baneling x8  
  88  9:53  Drone x8  
  88  9:54  Drone x3  
  99  10:06  Mutalisk  
  94  10:07  Roach  
  94  10:14  Zergling x16  
  99  10:22  Baneling x6  
  99  10:26  Zergling x8  
  102  10:36  Baneling x8  
  102  10:37  Baneling x9  
  66  11:05  Zergling x2  
  66  11:06  Zergling x18  
  66  11:11  Queen  
  70  11:20  Overseer  
  70  11:25  Mutalisk x2  
  70  11:26  Mutalisk  
  75  11:35  Mutalisk  
  77  11:44  Queen  
  77  11:46  Spore Crawler  
  77  11:47  Spine Crawler, Queen  
  78  11:50  Hatchery, Mutalisk x2  
  77  12:11  Drone x7  
  77  12:12  Drone  
Show
View Real Time Build Order
Export as new Build Order

OptimusPrime Terran - Winner!

Build Orders: MMM Bio 

Get SALT Encoding   

  12  0:00  SCV  
  13  0:13  SCV  
  14  0:25  SCV  
  15  0:28  Supply Depot  
  15  0:50  SCV  
  15  0:51  Refinery  
  15  0:53  Barracks  
  16  1:02  SCV  
  17  1:14  SCV  
  18  1:26  SCV  
  20  1:40  Marine  
  20  1:43  Orbital Command  
  20  1:57  Command Center  
  20  2:01  Barracks Reactor  
  20  2:08  SCV  
  20  2:20  SCV  
  20  2:22  Factory  
  21  2:33  Supply Depot  
  21  2:37  Marine x2  
  23  2:54  SCV  
  23  2:55  Refinery  
  24  2:59  Marine x2  
  24  3:04  Supply Depot  
  26  3:06  SCV  
  26  3:07  Widow Mine  
  26  3:10  Starport  
  29  3:18  SCV  
  30  3:25  Marine x2  
  32  3:30  SCV  
  33  3:35  Orbital Command  
  33  3:41  Widow Mine  
  33  3:43  SCV  
  36  3:51  Marine x2  
  36  3:52  Medivac  
  36  3:55  SCV  
  41  4:02  Supply Depot  
  40  4:10  Liberator  
  40  4:15  Marine x2  
  41  4:19  SCV x2  
  43  4:30  Factory Tech Lab  
  43  4:31  SCV x2  
  48  4:36  Supply Depot  
  48  4:37  Marine  
  49  4:41  Marine  
  49  4:43  SCV  
  49  4:45  SCV  
  52  4:55  SCV  
  52  4:57  Factory Tech Lab  
  52  4:58  Barracks  
  53  5:01  Marine x2  
  53  5:06  Barracks  
  55  5:10  Supply Depot, SCV  
  56  5:19  Medivac  
  58  5:24  Marine x2  
  58  5:26  SCV x2  
  62  5:31  Factory Reactor  
  62  5:35  Supply Depot  
  62  5:38  SCV x2  
  62  5:42  Marine x2  
  66  5:47  Marauder  
  66  5:48  Stimpack  
  68  5:58  Refinery  
  68  6:02  Marine  
  69  6:05  Refinery  
  69  6:10  Marine x2, SCV x2  
  69  6:11  Combat Shields  
  73  6:12  Marauder  
  75  6:22  SCV x2  
  75  6:35  Marine  
  73  6:40  SCV x2  
  73  6:46  Factory Reactor, Marine  
  71  6:47  Marauder, Marine  
  71  6:52  SCV x2  
  71  6:53  Marine  
  78  6:57  Medivac, Supply Depot  
  78  6:58  Medivac  
  82  7:02  Engineering Bay  
  82  7:04  Marine, Engineering Bay, SCV x2  
  82  7:05  Command Center, Supply Depot  
  82  7:06  Supply Depot  
  82  7:08  Marauder, Marine  
  87  7:11  Marine  
  89  7:16  Supply Depot  
  87  7:24  Marine  
  87  7:26  Marine  
  87  7:29  Marauder  
  89  7:44  Marine  
  89  7:45  Marauder, Marine  
  89  7:49  Command Center  
  93  8:00  Terran Infantry Weapons Level 1, Terran Infantry Armor Level 1  
  93  8:03  Medivac, Marauder, Supply Depot x2, Marine  
  93  8:04  Supply Depot  
  76  8:13  Marine  
  76  8:14  Widow Mine x2, Marauder  
  83  8:21  Marine  
  83  8:24  Marine  
  83  8:25  SCV  
  86  8:31  Marine  
  87  8:35  Marauder  
  87  8:38  Marine  
  90  8:42  Marine  
  91  8:48  Widow Mine  
  91  8:49  Marine  
  91  8:50  Barracks  
  91  8:53  Barracks  
  94  8:56  Marine  
  94  8:57  Supply Depot, Marauder  
  94  8:59  Medivac  
  94  9:00  Marauder  
  101  9:07  Marine  
  102  9:14  Marine  
  103  9:18  Marauder  
  103  9:20  Widow Mine x2  
  103  9:21  Marine  
  110  9:24  Marine  
  110  9:25  Missile Turret  
  110  9:26  Missile Turret  
  104  9:46  Marine x3  
  104  9:47  Marine  
  106  9:53  Marine  
  106  9:54  Marine  
  107  10:00  Starport Reactor  
  107  10:04  Marine x2  
  105  10:12  Marauder  
  101  10:16  Marine x2  
  101  10:17  Marine  
  103  10:22  Marine x2  
  93  10:43  Marine  
  93  10:44  Marauder, Marine x4  
  87  11:01  Marine  
  87  11:02  Marine x4  
  68  11:05  Marine  
  68  11:19  Marine  
  68  11:20  Marine x4  
  68  11:21  Medivac  
  68  11:22  Widow Mine x2, Marine  
  80  11:25  Orbital Command  
  78  11:37  Marine  
  78  11:38  Marine x4  
  81  11:40  Marine  
  82  11:50  Armory  
  82  11:52  Medivac  
  84  11:54  Marine  
  84  11:55  Marine  
  84  11:56  Missile Turret, Marine x3  
  84  11:58  Marine  
  90  12:12  Marine  
  90  12:13  Marine  
Tags
 
Add a new tag
Caveats
  • Supply blocks, unpowered buildings, or Contaminate may cause inaccurate times.
  • Supply counts are checked every 10 seconds.